 Dungeon Crawl Stone Soup version 0.21.1-1-g345015fe64 (webtiles) character file.

217 Gargoyl the Skirmisher (level 5, -2/46 HPs)
             Began as a Centaur Abyssal Knight on June 4, 2018.
             Was a Believer of Lugonu.
             Slain by an orc priest (3 damage)
             ... on level 3 of the Dungeon.
             The game lasted 00:04:20 (1844 turns).

Gargoyl the Skirmisher (Centaur Abyssal Knight)     Turns: 1844, Time: 00:04:21

Health: -2/46      AC:  9    Str: 14    XL:     5   Next: 61%
Magic:  6/7        EV:  4    Int: 11    God:    Lugonu [**....]
Gold:   129        SH:  0    Dex: 10    Spells: 4/4 levels left

rFire    + + .     SeeInvis .   a - +2 hand axe
rCold    + + .     Gourm    .   (no shield)
rNeg     . . .     Faith    .   e - +1 chain mail
rPois    +         Spirit   .   (no helmet)
rElec    +         Reflect  .   d - scarf {rC+ rF+}
rCorr    +         Harm     .   o - +0 pair of gloves
MR       .....                  (no barding)
Stlth    ..........             (no amulet)
HPRegen  0.15/turn              n - ring of resist corrosion
MPRegen  0.10/turn              u - ring of loudness (curse)

@: about to teleport, resistant, drained, very quick
A: large, hooves 3, deformed body, speed 2, tough skin 3
a: Depart the Abyss, Bend Space, Renounce Religion


You were on level 3 of the Dungeon.
You worshipped Lugonu.
Lugonu was pleased with you.
You were not hungry.

You visited 1 branch of the dungeon, and saw 3 of its levels.
You visited the Abyss 1 time.

You collected 129 gold pieces.

Inventory:

Hand Weapons
 a - a +2 hand axe (weapon)
Armour
 d - a scarf of resistance (worn)
 e - a +1 chain mail (worn)
 o - a +0 pair of gloves (worn)
Jewellery
 n - a ring of resist corrosion (left hand)
 u - a cursed ring of loudness (right hand)
Wands
 b - a wand of random effects (9)
 t - a wand of clouds (4)
Scrolls
 i - 3 scrolls of identify
 k - 2 scrolls of magic mapping
 q - a scroll of enchant weapon
Potions
 g - 2 potions of curing {unknown}
 h - 2 potions of degeneration {unknown}
 j - a potion of magic {unknown}
 l - a potion of flight
 r - a potion of heal wounds {unknown}
 s - a potion of agility {unknown}
Comestibles
 c - 3 rations


   Skills:
 + Level 4.1(3.8) Fighting
 + Level 3.1(2.9) Axes
 * Level 2.3(2.1) Armour
 + Level 1.1(0.9) Dodging
 * Level 3.1(2.9) Invocations
 + Level 0.6(0.4) Evocations


You had 4 spell levels left.
You didn't know any spells.

Dungeon Overview and Level Annotations

Branches:
Dungeon (3/15)

Altars:
Dithmenos
Elyvilon
Kikubaaqudgha
Trog
Xom


Innate Abilities, Weirdness & Mutations

You have hooves in place of feet.
Armour fits poorly on your strangely shaped body.
You cover ground very quickly.
You have extremely tough skin. (AC +3)


Message History

The orc priest is almost dead.
You hit the hobgoblin.
You kill the hobgoblin!
Lugonu accepts your kill.
The orc priest calls down the wrath of Beogh upon you.
Pain shoots through your body!
* * * LOW HITPOINT WARNING * * *
It was a potion of resistance.
You feel protected.
The orc priest hits you with a hand axe.
* * * LOW HITPOINT WARNING * * *
The orc wizard hits you but does no damage.
You feel drained.
The orc priest hits you but does no damage.
Okay, then.
As you read the scroll of teleportation, it crumbles to dust.
You feel strangely unstable. The orc wizard barely misses you.
The orc priest hits you but does no damage.
The orc priest hits you.
You die...

#.##. #..#.#
...... .#
#....###.#
#.....#.#
#.....#.#
#.#.o#.# #.ooo#.#
#..o@#.# #......#
# #.#..###.# ...
#........# ..
####..#### ..
####..##### .#
#.........#######
.########
#.....>.........#
.........
#.........#####.#


You could see 2 orc priests, 2 orc wizards and an orc.

Vanquished Creatures
  The ghost of Fiddle the Poker, an amateur MiMo of Xom (D:3)
  A howler monkey (D:3)
  3 adders
  A shadow imp (D:2)
  2 worms
  A dart slug (D:1)
  A leopard gecko (D:1)
  An orc (D:3)
  A ball python (D:2)
  7 bats
  2 giant cockroaches
  4 goblins (D:1)
  9 hobgoblins
  4 kobolds (D:1)
  4 frilled lizards
  5 rats (D:1)
47 creatures vanquished.

Vanquished Creatures (others)
  A human (D:3)
1 creature vanquished.

Grand Total: 48 creatures vanquished

Notes
Turn   | Place    | Note
-------+----------+-------------------------------------------
     0 | Abyss:1  | Gargoyl the Centaur Abyssal Knight began the quest for the Orb.
     0 | Abyss:1  | Reached XP level 1. HP: 19/19 MP: 2/2
     0 | Abyss:1  | Found a corrupted altar of Lugonu.
    96 | Abyss:1  | Noticed a small abomination
    97 | Abyss:1  | Noticed an insubstantial wisp
   104 | Abyss:1  | Noticed a smoke demon
   104 | Abyss:1  | Noticed a small abomination
   106 | D:1      | Escaped the Abyss
   181 | D:1      | Reached XP level 2. HP: 23/26 MP: 3/3
   210 | D:1      | Reached * piety under Lugonu
   562 | D:1      | Reached XP level 3. HP: 31/33 MP: 4/4
   916 | D:2      | Found a shimmering altar of Xom.
  1135 | D:2      | Found a faded altar of an unknown god.
  1177 | D:2      | Found a bloodstained altar of Trog.
  1209 | D:2      | Reached skill level 1 in Dodging
  1319 | D:2      | Found a white marble altar of Elyvilon.
  1356 | D:2      | Reached XP level 4. HP: 34/40 MP: 5/5
  1427 | D:2      | Found a shadowy altar of Dithmenos.
  1660 | D:3      | Found an ancient bone altar of Kikubaaqudgha.
  1664 | D:3      | Noticed a human
  1665 | D:3      | Reached ** piety under Lugonu
  1665 | D:3      | Killed a human
  1814 | D:3      | Noticed Fiddle's ghost (amateur MiMo)
  1827 | D:3      | Killed Fiddle's ghost
  1827 | D:3      | Reached skill level 4 in Fighting
  1827 | D:3      | Reached XP level 5. HP: 34/46 MP: 5/7
  1842 | D:3      | HP: 2/46 [orc priest/nerve-wracking pain (11)]
  1844 | D:3      | Slain by an orc priest

Skill      XL: |  1  2  3  4 |
---------------+-------------+-----
Axes           | 2 3 |  3.1
Dodging        | 1 |  1.1
Fighting       | 4 |  4.1
Armour         | 2 |  2.3
Invocations    | 3 |  3.1
Evocations     | |  0.6

Action                   |  1- 3 |  4- 6 || total
-------------------------+-------+-------++-------
Melee: Hand axe          |   112 |    25 ||   137
       Kick              |    19 |     4 ||    23
Invok: Depart the Abyss  |     1 |       ||     1
Evoke: Wand              |       |    15 ||    15
  Use: Scroll            |     6 |     3 ||     9
       Potion            |       |     1 ||     1
  Eat: Chunk             |       |     2 ||     2
Armor: Chain mail        |   110 |    27 ||   137
Dodge: Dodged            |    20 |     6 ||    26
